 Dungeon Crawl Stone Soup version 0.30-a0-377-g5cb311bc9f (webtiles) character file.

Game seed: 8093108814494186781

585 lunkers the Trooper (level 7, -6/66 HPs)
             Began as a Meteoran Fighter on Nov 30, 2022.
             Mangled by a wyvern (15 damage)
             ... on level 5 of the Dungeon.
             The game lasted 00:03:55 (1823 turns).

lunkers the Trooper (Meteoran Fighter)              Turns: 1823, Time: 00:03:55

Health: -6/66      AC:  9    Str: 18    XL:     7   Next: 97%
Magic:  8/8        EV:  9    Int: 10    God:
Gold:   159        SH:  5    Dex: 15    Spells: 6/6 levels left

rFire   . . .      SeeInvis .    a - +0 rapier
rCold   . . .      Faith    .    c - +0 buckler
rNeg    . . .      Spirit   .    b - +0 scale mail
rPois   .          Reflect  .    p - +0 helmet
rElec   .          Harm     .    n - +0 cloak
rCorr   +          Rampage  .    (no gloves)
Will    .....                    (no boots)
Stlth   ..........               (no amulet)
HPRegen 0.31/turn                q - ring of resist corrosion
MPRegen 0.11/turn                (no ring)

@: glowing
A: sense surroundings 1, otherworldly, glowing, explore regen
a: no special abilities


You were on level 5 of the Dungeon.
You visited 1 branch of the dungeon, and saw 5 of its levels.

You collected 159 gold pieces.

Inventory:

Hand Weapons
 a - a +0 rapier (weapon)
Armour
 b - a +0 scale mail (worn)
 c - a +0 buckler (worn)
 n - a +0 cloak (worn)
 p - a +0 helmet (worn)
Jewellery
 q - a ring of resist corrosion (left hand)
Wands
 d - a wand of flame (20)
 m - a wand of polymorph (10)
 v - a wand of digging (6)
Scrolls
 g - a scroll of identify {unknown}
 h - a scroll of enchant armour {unknown}
 i - a scroll of brand weapon {unknown}
 j - 3 scrolls of magic mapping {unknown}
 s - a scroll of enchant weapon {unknown}
 t - a scroll of amnesia {unknown}
Potions
 e - a potion of attraction {unknown}
 f - 3 potions of curing
 k - a potion of haste {unknown}
 l - a potion of berserk rage {unknown}
 o - a potion of invisibility {unknown}
 r - a potion of resistance {unknown}
 u - a potion of mutation {unknown}


   Skills:
 + Level 7.1 Fighting
 - Level 6.0 Short Blades
 - Level 3.6 Armour
 - Level 3.6 Shields


You had 6 spell levels left.
You didn't know any spells.
Your spell library contained the following spells:

 Spells                   Type           Power      Damage    Failure   Level
 Magic Dart               Conj           0%         1d3       83%         1
 Searing Ray              Conj           0%         2d4       93%         2
 Tukima's Dance           Hex            0%         N/A       99%         3
 Fulminant Prism          Conj/Hex       0%         3d5       100%        4
 Passage of Golubria      Tloc           0%         N/A       100%        4
 Yara's Violent Unravell  Hex/Tmut       0%         3d3       100%        5


Dungeon Overview and Level Annotations

Branches:
Dungeon (5/15) Zot: 1168
 Temple: D:4-7

Altars:


Innate Abilities, Weirdness & Mutations

You passively map a small area around you.
You are easily found by Zot.
You glow in the dark.
You regain HP and MP as you explore.


Message History

You kill the scorpion!
Your Fighting skill increases to level 7!
You see here a +0 giant club.
v - a wand of digging (6)
You are too injured to fight recklessly!
You are too injured to fight recklessly!
f - 3 potions of curing (gained 1)
Found a stone staircase leading up.
No target in view!
No target in view!
You open the door.
A wyvern comes into view.
The wyvern hisses angrily.
You hit the wyvern but do no damage. The wyvern bites you!
You barely miss the wyvern. The wyvern bites you!
* * * LOW HITPOINT WARNING * * *
The wyvern completely misses you.
You hit the wyvern.
The wyvern is lightly wounded.
The wyvern bites you!
* * * LOW HITPOINT WARNING * * *
Okay, then.
You hit the wyvern.
The wyvern is lightly wounded.
You block the wyvern's attack.
You hit the wyvern.
The wyvern is heavily wounded.
The wyvern misses you. The wyvern bites you.
* * * LOW HITPOINT WARNING * * *
You closely miss the wyvern.
The wyvern is heavily wounded.
The wyvern bites you!
* * * LOW HITPOINT WARNING * * *
You hit the wyvern.
The wyvern is heavily wounded.
You block the wyvern's attack. x2
You barely miss the wyvern.
The wyvern is heavily wounded.
The wyvern bites you!
You die...

,#.....#............. ,
, ,#.....#.............
, . #.....#............)
, , ..
###..##...####.####. *
...## #..#########.####.
,
......#.......#....)<...
......#.......#.........
,
......l.......#.........
#@..##..##...##... *
##...##..##...##... ,
#.............. ...
#.............. ... ,, *
#.............. ...
#............. , ,, ,
#....<........
#.......... ,
#..........


You could see a wyvern.

Vanquished Creatures
  Sigmund (D:3)
  An ogre (D:5)
  2 scorpions
  A howler monkey (D:4)
  2 orc priests (D:3)
  Jessica (D:3)
  3 adders
  A worm (D:2)
  2 dart slugs
  2 orcs (D:3)
  4 ball pythons
  5 endoplasms
  3 giant cockroaches
  4 goblins
  4 hobgoblins
  6 jackals
  2 quokkas
  A bat (D:1)
  3 frilled lizards
  6 kobolds
  4 rats (D:1)
58 creatures vanquished.

Vanquished Creatures (others)
  A plant (D:3)
1 creature vanquished.

Grand Total: 59 creatures vanquished

Notes
Turn   | Place    | Note
-------+----------+-------------------------------------------
     0 | D:1      | lunkers the Meteoran Fighter began the quest for the Orb.
     0 | D:1      | Reached XP level 1. HP: 19/19 MP: 2/2
   117 | D:1      | Reached XP level 2. HP: 25/26 MP: 3/3
   214 | D:2      | Reached XP level 3. HP: 31/31 MP: 4/4
   429 | D:2      | Reached XP level 4. HP: 38/38 MP: 5/5
   616 | D:3      | Noticed Jessica
   634 | D:3      | Killed Jessica
   635 | D:3      | Reached skill level 5 in Short Blades
   648 | D:3      | Reached XP level 5. HP: 44/45 MP: 6/6
   714 | D:3      | Noticed Sigmund
   723 | D:3      | Killed Sigmund
   724 | D:3      | Reached skill level 5 in Fighting
   724 | D:3      | Reached XP level 6. HP: 50/56 MP: 7/7
   724 | D:3      | Reached XP level 7. HP: 54/61 MP: 8/8
  1672 | D:4      | Reached skill level 6 in Fighting
  1739 | D:5      | Entered Level 5 of the Dungeon
  1775 | D:5      | Reached skill level 7 in Fighting
  1815 | D:5      | Noticed a wyvern
  1823 | D:5      | Mangled by a wyvern

Illustrated notes

Levels and vault maps discovered:
D:1:      tarquinn_simple_flora_water_a, layout_basic
D:2:      layout_basic, uniq_robin
D:3:      layout_loops_corners, serial_bayou_crossing, uniq_jessica,
          uniq_sigmund, uniq_natasha
D:4:      layout_loops_ring, nzn_hepliaklqana_mist_gate,
          minmay_temple_entry_proselytizer
D:5:      layout_gridville

Skill      XL: |  1  2  3  4  5  6  7 |
---------------+----------------------+-----
Short Blades   | 3 4 5 6 |  6.0
Fighting       | 5 7 |  7.1
Armour         | |  3.6
Shields        | |  3.6

Action                   |  1- 3 |  4- 6 |  7- 9 || total
-------------------------+-------+-------+-------++-------
Melee: Rapier            |    94 |    53 |   135 ||   282
  Use: Potion            |       |     1 |     1 ||     2
Armor: Scale mail        |    47 |     9 |    50 ||   106
       Skin              |       |     4 |       ||     4
Dodge: Dodged            |    30 |    10 |    37 ||    77
Block: Buckler           |    28 |     7 |    25 ||    60

Table legend: (Time is in decaauts)
 A = Elapsed time spent in this place.
 B = Non-inter-level travel time spent in this place.
 C = Inter-level travel time spent in this place.
 D = Time resting spent in this place.
 E = Time spent auto-exploring this place.
 F = Levels seen in this place.
 G = Mean time per level.
                   A        B        C        D        E       F      G
               +--------+--------+--------+--------+--------+-----+--------+
         Total |   1830 |   1739 |     91 |      5 |   1213 |   5 |  366.0 |
       Dungeon |   1830 |   1739 |     91 |      5 |   1213 |   5 |  366.0 |
               +--------+--------+--------+--------+--------+-----+--------+

Top non-repeatable levels by time:
     D:3: 809 daAuts
     D:4: 382 daAuts
     D:2: 350 daAuts
     D:1: 206 daAuts
     D:5: 82 daAuts
